 Dungeon Crawl Stone Soup version 0.21-a0-221-gfe971b9 (webtiles) character file.

245 Goblin1989 the Sneak (level 5, 0/42 HPs)
             Began as a Demonspawn Assassin on Aug 28, 2017.
             Was an Initiate of Sif Muna.
             Slain by a worker ant (7 damage)
             ... on level 4 of the Dungeon.
             The game lasted 00:09:09 (2099 turns).

Goblin1989 the Sneak (Demonspawn Assassin)          Turns: 2099, Time: 00:09:10

Health: 0/42       AC:  3    Str: 11    XL:     5   Next: 83%
Magic:  5/5        EV: 10    Int: 13    God:    Sif Muna [......]
Gold:   97         SH:  7    Dex: 15    Spells: 4/4 levels left

rFire    . . .     SeeInvis .   w - +0 blowgun {@w1}
rCold    . . .     Gourm    .   E - +0 shield
rNeg     . . .     Faith    .   c - +0 robe
rPois    .         Spirit   .   (helmet restricted)
rElec    .         Reflect  .   d - +0 cloak
rCorr    .         Harm     .   (no gloves)
MR       .....                  (no boots)
Stlth    +++.......             r - amulet of regeneration
HPRegen  0.54/turn              (no ring)
MPRegen  0.09/turn              (no ring)

@: lethally poisoned (0 -> 0)
A: antennae 2
a: Renounce Religion


You were on level 4 of the Dungeon.
You worshipped Sif Muna.
Sif Muna was noncommittal.
You were not hungry.

You visited 1 branch of the dungeon, and saw 4 of its levels.

You collected 97 gold pieces.

Inventory:

Hand Weapons
 a - a +2 dagger
 w - a +0 blowgun (weapon) {@w1}
Missiles
 f - 2 curare-tipped needles
 g - 3 poisoned needles (quivered)
 x - 54 sling bullets
 y - 63 arrows
 K - 60 stones
Armour
 c - a +0 robe (worn)
 d - a +0 cloak (worn)
 E - a +0 shield (worn)
Jewellery
 r - an amulet of regeneration (around neck)
Wands
 C - a wand of confusion (29/48)
Scrolls
 A - a scroll of identify {unknown}
 F - a scroll of fear {unknown}
 H - a scroll of fog {unknown}
 J - a scroll of blinking {unknown}
Potions
 L - a potion of lignification {unknown}
 M - a potion of might {unknown}
Comestibles
 e - a bread ration {@e1}
 B - 4 meat rations {@e2}
 G - a chunk of flesh
 I - 3 fruits


   Skills:
 + Level 3.7 Fighting
 * Level 3.3 Short Blades
 - Level 1.7 Throwing
 + Level 1.7 Dodging
 + Level 4.0 Stealth
 + Level 1.5 Shields
 + Level 1.3 Evocations


You had 4 spell levels left.
You didn't know any spells.

Dungeon Overview and Level Annotations

Branches:
Dungeon (4/15)
 Temple: D:4-7

Altars:
Ru
Sif Muna
Uskayaw

Annotations:
D:3 Duffy's ghost, amateur GnFi


Innate Abilities, Weirdness & Mutations

You have a pair of antennae on your head.


Message History

w - a +0 blowgun (weapon)
{@w1} Unknown command.
Firing (i - inventory. (,) - cycle):
g - 4 poisoned needles (quivered)
Press: ? - help, Shift-Dir - straight line, f - scorpion
Aim: a scorpion You shoot a poisoned needle.
The poisoned needle hits the scorpion.
The scorpion is poisoned.
a - a +2 dagger (weapon)
You kill the scorpion!
Sif Muna accepts your kill.
Your Stealth skill increases to level 4!
Health restored: 42 Unknown command.
Unknown command.
You now have 97 gold pieces (gained 5).
g - 4 poisoned needles (gained 1)
You see here a falchion.
You sense a monster nearby.
M - a ruby potion No target in view!
No target in view!
No target in view!
A worker ant comes into view.
The worker ant twitches its antennae in your direction.
The worker ant closely misses you.
You hit the worker ant but do no damage.
The worker ant bites you.
You are poisoned.
The worker ant poisons you!
You take 2 damage, and have 40/42 hp.
You hit the worker ant.
The worker ant is lightly wounded.
You feel sick. The worker ant bites you.
You take 5 damage, and have 35/42 hp.
You hit the worker ant but do no damage.
The worker ant is lightly wounded.
You feel sick. The worker ant bites you.
You take 3 damage, and have 32/42 hp.
You hit the worker ant.
The worker ant is moderately wounded.
You block the worker ant's attack.
You hit the worker ant.
The worker ant is moderately wounded.
The worker ant barely misses you.
You hit the worker ant but do no damage.
The worker ant is moderately wounded.
You feel sick. The worker ant bites you.
You are more poisoned.
The worker ant poisons you!
You take 5 damage, and have 28/42 hp.
You barely miss the worker ant.
The worker ant is moderately wounded.
The worker ant bites you. x2
You take 8 damage, and have 20/42 hp.
You are too injured to fight recklessly!
You are too injured to fight recklessly!
You are too injured to fight recklessly!
You are too injured to fight recklessly!
You are too injured to fight recklessly!
You are too injured to fight recklessly!
You are too injured to fight recklessly!
You are too injured to fight recklessly!
You are too injured to fight recklessly!
You are too injured to fight recklessly!
You hit the worker ant but do no damage.
The worker ant is moderately wounded.
You feel sick. You block the worker ant's attack.
You take 1 damage, and have 19/42 hp.
You hit the worker ant but do no damage.
The worker ant is moderately wounded.
You feel sick. You block the worker ant's attack.
You hit the worker ant but do no damage.
The worker ant is moderately wounded.
You feel sick. The worker ant bites you.
* * * LOW HITPOINT WARNING * * *
You are more poisoned.
The worker ant poisons you!
You take 7 damage, and have 12/42 hp.
You feel sick.
You feel sick.
You take 1 damage, and have 11/42 hp.
You feel sick. The worker ant barely misses you.
You feel sick.
You take 2 damage, and have 9/42 hp.
You feel sick.
You feel sick.
You feel sick. You block the worker ant's attack.
You feel sick.
You take 1 damage, and have 8/42 hp.
You feel sick.
Wield which item (- for none, * to show all)? (? for menu, Esc to quit)
w - a +0 blowgun (weapon)
{@w1} The worker ant barely misses you.
Firing (i - inventory. (,) - cycle):
g - 4 poisoned needles (quivered)
Press: ? - help, Shift-Dir - straight line, f - worker ant
Aim: a worker ant (moderately wounded)
You shoot a poisoned needle.
The poisoned needle barely misses the worker ant.
You feel sick. The worker ant bites you!
You die...

█......█....█.█.█.█.█.█
██████.███.............█
█......██...........█..
█......█............█..
█...................█
█..........██████████
███████....█ █....█
█.@..█ █.a..█ █....█
█)...█ █....█ █....█
█....█


██(███ █.███ You could see a worker ant.

Vanquished Creatures
  An ogre (D:4)
  A scorpion (D:4)
  A hound (D:4)
  A gnoll (D:1)
  An adder (D:3)
  3 worms
  A leopard gecko (D:2)
  2 ball pythons
  8 bats
  2 giant cockroaches
  5 goblins (D:2)
  10 hobgoblins
  2 jackals (D:1)
  5 frilled lizards
  12 kobolds
  7 rats
62 creatures vanquished.

Notes
Turn   | Place    | Note
-------+----------+-------------------------------------------
     0 | D:1      | Goblin1989 the Demonspawn Assassin began the quest for the Orb.
     0 | D:1      | Reached XP level 1. HP: 16/16 MP: 1/1
   339 | D:1      | Gained mutation: You have a pair of small antennae on your head. [demonic ancestry]
   339 | D:1      | Reached XP level 2. HP: 13/23 MP: 2/2
   560 | D:1      | Reached skill level 1 in Dodging
   560 | D:1      | Reached XP level 3. HP: 29/29 MP: 3/3
  1187 | D:2      | Found a deep blue altar of Sif Muna.
  1227 | D:2      | Became a worshipper of Sif Muna the Loreminder
  1419 | D:2      | Found a sacrificial altar of Ru.
  1485 | D:2      | Reached XP level 4. HP: 34/35 MP: 4/4
  1500 | D:2      | Found a hide-covered altar of Uskayaw.
  1713 | D:3      | Reached skill level 1 in Shields
  1916 | D:3      | Noticed Duffy's ghost (amateur GnFi)
  1942 | D:4      | Noticed an ogre
  1949 | D:4      | Killed an ogre
  1949 | D:4      | Gained mutation: You have a pair of antennae on your head. [demonic ancestry]
  1949 | D:4      | Reached XP level 5. HP: 41/41 MP: 5/5
  1964 | D:4      | Reached skill level 1 in Evocations
  2022 | D:4      | Reached skill level 4 in Stealth
  2099 | D:4      | Slain by a worker ant

Vault maps used:
D:1:      evilmike_arrival_crescent, minmay_misc_feat_alley
D:2:      eat_drink_and_be_merry_uskayaw, lemuel_crystal_altar,
          nicolae_ru_the_path_less_chosen
D:3:      minivault_26, uniq_jessica
D:4:      wad_lake_hut, grunt_temple_overflow_lords_of_destruction,
          chequers_temple_overflow_statue_of_worship, first_bread

Skill      XL: |  1  2  3  4  5 |
---------------+----------------+-----
Fighting       | 3 |  3.7
Short Blades   | 2 3 |  3.3
Dodging        | 1 |  1.7
Shields        | 1 |  1.5
Evocations     | 1 |  1.3
Stealth        | 4 |  4.0
Throwing       | |  1.7

Action                   |  1- 3 |  4- 6 || total
-------------------------+-------+-------++-------
Melee: Dagger            |   185 |    53 ||   238
 Fire: Blowgun           |     1 |    13 ||    14
 Stab: Sleeping          |    11 |     1 ||    12
  Eat: Chunk             |     2 |     2 ||     4
Armor: Robe              |    45 |     6 ||    51
Dodge: Dodged            |    75 |    19 ||    94
Block: Buckler           |     2 |       ||     2
       Shield            |    41 |    15 ||    56

Table legend:
 A = Spawn XP
 B = Non-spawn XP
 C = Spawn XP percentage of total XP
 D = Spawn monster count
 E = Non-spawn monster count
 F = Spawn count percentage of total count
 G = Total turns spent on level
                    A         B        C        D         E        F      G
               +---------+---------+-------+---------+---------+-------+---------
         Total |      22 |     328 |   6.3 |       6 |      56 |   9.7 |  2099
               +---------+---------+-------+---------+---------+-------+---------
           D:1 |      20 |      40 |  33.3 |       5 |      26 |  16.1 |  1061
           D:2 |       2 |      41 |   4.7 |       1 |      19 |   5.0 |   588
           D:3 |       0 |      26 |   0.0 |       0 |       8 |   0.0 |   291
           D:4 |       0 |     221 |   0.0 |       0 |       3 |   0.0 |   159
               +---------+---------+-------+---------+---------+-------+---------

Vault maps used:
D:1:      evilmike_arrival_crescent, minmay_misc_feat_alley
D:2:      eat_drink_and_be_merry_uskayaw, lemuel_crystal_altar,
          nicolae_ru_the_path_less_chosen
D:3:      minivault_26, uniq_jessica
D:4:      wad_lake_hut, grunt_temple_overflow_lords_of_destruction,
          chequers_temple_overflow_statue_of_worship, first_bread
